 Dungeon Crawl Stone Soup version 0.14-a0-2124-ga163777 (webtiles) character file.

63737 Egon the Warrior (level 14, 0/135 HPs)
             Began as a Green Draconian Berserker on Jan 27, 2014.
             Was the Champion of Trog.
             Slain by a bone dragon (15 damage)
             ... on Level 1 of the Abyss.
             The game lasted 01:35:42 (20319 turns).

Egon the Warrior (Green Draconian Berserker)       Turns: 20319, Time: 01:35:42

HP   0/135       AC 13     Str 19      XL: 14   Next: 66%
MP  27/27        EV 21     Int  9      God: Trog [******]
Gold 702         SH  0     Dex 15      Spells:  0 memorised, 13 levels left

rFire  . . .     SeeInvis .     a - +4,+7 dwarf broad axe (chop)
rCold  . . .     Clarity  .     (armour unavailable)
rNeg   + . .     Conserve .     (no shield)
rPois  +         rCorr    .     (helmet restricted)
rElec  .         rRot     .     u - +2 cloak {MR+}
SustAb . .       Spirit   .     N - +0 pair of dwarf gloves
rMut   .         Warding  .     q - +0 pair of boots
Saprov . . .     Stasis   .     E - amulet of faith
MR     +++..                    A - +2,+4 ring of slaying
                                o - ring of positive energy

@: regenerating, very slightly contaminated, hasted, drained, very quick,
extremely resistant to hostile enchantments, unstealthy
A: breathe noxious fumes, unfitting armour, stinger 1, poison resistance, AC +8
a: Breathe Noxious Fumes, Burn Spellbooks, Berserk, Trog's Hand, Brothers in
Arms, Renounce Religion


You were on level 1 of the Abyss.
You worshipped Trog.
Trog was exalted by your worship.
You were not hungry.

You visited 3 branches of the dungeon, and saw 18 of its levels.
You visited the Abyss 1 time.
You visited 1 bazaar.

You collected 914 gold pieces.
You spent 212 gold pieces at shops.

Inventory:

Hand weapons
 a - a +4,+7 dwarven broad axe of chopping (weapon)
 c - a +3,+1 scimitar of flaming
 z - a +2,+1 great sword of distortion
Missiles
 e - 9 darts of dispersal (quivered)
Armour
 q - a +0 pair of boots (worn)
 u - a +2 cloak of magic resistance (worn)
 B - a +0 pair of gloves
 N - a +0 pair of dwarven gloves (worn)
Magical devices
 f - a wand of magic darts (10)
 j - a wand of fireball (3)
 n - a wand of flame (5)
 t - a wand of slowing (10)
 y - a wand of lightning (7)
Comestibles
 I - 11 bread rations
 M - 3 meat rations
Scrolls
 i - a scroll of fear
 w - 3 scrolls of identify
 C - a scroll of enchant weapon II
 J - 2 scrolls of teleportation
Jewellery
 d - an uncursed ring of see invisible
 g - an uncursed amulet of resist corrosion {unknown}
 h - a +2 ring of protection
 o - a ring of positive energy (left hand)
 p - a +3 ring of strength
 A - a +2,+4 ring of slaying (right hand)
 E - an amulet of faith (around neck)
 H - an uncursed ring of teleportation
 O - an uncursed ring of ice
Potions
 l - a potion of might
 m - a potion of magic
 x - a potion of restore abilities
Miscellaneous
 v - a lamp of fire
Rods
 b - a +2 rod of venom (14/14)
   (You found it on level 10 of the Dungeon)


   Skills:
 + Level 15.2(15.1) Fighting
 + Level 14.0(13.9) Axes
 + Level 13.2(13.1) Dodging
 + Level 10.2(10.1) Evocations


You had 13 spell levels left.
You didn't know any spells.

Dungeon Overview and Level Annotations

Branches:
Dungeon (16/16)            Temple (1/1) D:6             Orc (0/4) D:11
   Lair (1/8) D:9          Vaults (0/5) D:14
 Depths: D:16

Altars:
Ashenzari
Cheibriados
Dithmengos
Elyvilon
Fedhas
Kikubaaqudgha
Makhleb
Nemelex Xobeh
Okawaru
Sif Muna
Trog
Vehumet
Xom
Yredelemnul
Zin
The Shining One

Shops:
D:12 :   D:14 [


Innate Abilities, Weirdness & Mutations

You can breathe blasts of noxious fumes.
Your lurid green scales are hard (AC +8).
Your body does not fit into most forms of armour.
Your cold-blooded metabolism reacts poorly to cold.
Your tail ends in a poisonous barb.
Your system is resistant to poisons.


Message History

You feel better.
Your troll bites the starcursed mass.
The starcursed mass is destroyed!
The bone dragon barely misses you. The bone dragon closely misses you.
Drink which item? (? for menu, Esc to quit)
You feel yourself speed up.
Your troll bites the bone dragon but does no damage.
Your troll claws the bone dragon.
Your troll claws the bone dragon but does no damage.
The bone dragon completely misses you. The bone dragon claws you!
* * * LOW HITPOINT WARNING * * *
The bone dragon tramples you!
* * * LOW HITPOINT WARNING * * *
You hold your ground!
Your troll bites the bone dragon!
Your troll claws the bone dragon!
You are very lightly contaminated with residual magic.
Unknown command.
Drink which item? (? for menu, Esc to quit)
You feel better. The bone dragon bites you!
You die...

##.. .##.. ## ##
#. #.##.##. .
#.#......#.##
.#.#.......##
####..... .. ## .
#@##.# #......#..
#.DT#.# §... . .
####..#§o.#####..#
#....#....#...
#....##..# . . #
..#... #. ##..#.
#....#. ....# #
#.#. . .....#. #.
##.# .#.## #.#


You could see a bone dragon and a friendly troll (berserk).

Vanquished Creatures
  A great orb of eyes (D:16)
  A hydra (D:16)
  Fannar (D:13)
  The ghost of Faustar the Fighter, an experienced TrBe of Trog (Lair:1)
  Josephine (D:13)
  The ghost of zammy the Protected, a powerful DjHu of Okawaru (Lair:1)
  Erica (D:10)
  The ghost of Bloax the Carver, a powerful VSBe of Trog (D:13)
  2 ogre magi (D:15)
  Nergalle (D:12)
  An unseen horror (D:14)
  A skeletal warrior (D:15)
  6 large abominations
  4 hill giants
  4 centaur warriors
  A spatial maelstrom (Abyss:1)
  The ghost of MirrMurr the Gouger, an experienced FeBe of Trog (D:9)
  Erolcha (D:10)
  Pikel (D:6)
  2 necromancers (D:14)
  A wizard (D:12)
  3 orc knights (D:15)
  2 griffons (D:16)
  7 cyclopes
  Maurice (D:12)
  An eye of devastation (D:14)
  3 spiny frogs (Lair:1)
  Psyche (D:10)
  4 formicid venom magi (D:16)
  An ancient zyme (Abyss:1)
  8 trolls
  2 komodo dragons
  7 two-headed ogres
  Prince Ribbit (D:5)
  10 slime creatures
  6 blink frogs
  A hydra skeleton (D:13)
  18 ugly things
  27 formicids (D:16)
  2 shadows
  A vampire (D:10)
  A basilisk (D:16)
  3 wraiths
  5 hippogriffs
  A wyvern (D:14)
  A hill giant zombie (D:10)
  A spiny worm zombie (D:12)
  28 yaks
  A steam dragon (D:9)
  3 manticores
  A spatial vortex (Abyss:1)
  A hungry ghost (D:14)
  4 vampire mosquitoes
  2 sky beasts
  5 porcupines
  An ogre skeleton (D:15)
  The ghost of 4tharraofdagon the Chopper, an average VSGl of Zin (D:5)
  3 ice beasts
  6 small abominations (D:12)
  2 necrophages
  12 orc warriors
  2 yellow wasps
  4 phantoms
  4 black bears
  2 slaves
  6 centaurs
  14 ogres
  A lava worm (D:14)
  A hill giant simulacrum (D:13)
  2 orc skeletons (D:13)
  A brain worm (D:14)
  3 crocodiles
  12 giant frogs
  5 big kobolds
  3 giant slugs
  A gnoll sergeant (D:13)
  Blork the orc (D:8)
  A wyvern zombie (D:14)
  3 agate snails
  A cyclops zombie (D:14)
  3 cyclops skeletons
  An eye of draining (D:14)
  30 killer bees
  3 wights (D:9)
  4 lava fish (D:14)
  2 lava snakes (D:14)
  7 crimson imps
  2 starcursed masses (Abyss:1)
  3 goliath beetles
  2 jellies
  3 centaur skeletons
  2 centaur zombies
  9 orc priests
  A two-headed ogre zombie (D:13)
  A cyclops simulacrum (D:13)
  4 iguanas
  6 worker ants
  A giant frog skeleton (D:4)
  7 hounds
  14 orc wizards
  A shapeshifter simulacrum (D:16)
  A scorpion (D:10)
  A mottled dragon zombie (D:13)
  2 sheep (D:14)
  2 big kobold zombies (D:13)
  2 mummies
  2 worker ant zombies (D:10)
  12 gnolls
  A brain worm simulacrum (D:13)
  2 giant centipedes
  A lemure (Abyss:1)
  3 giant mites
  13 adders
  An inept feature mimic (D:10)
  6 worms
  An adder skeleton (D:8)
  2 adder zombies
  2 giant eyeballs (D:11)
  2 giant geckos
  48 orcs
  3 bat zombies (D:5)
  13 hobgoblins
  6 jackals (D:3)
  31 kobolds
  7 quokkas
  18 bats
  3 giant cockroaches
  2 giant gecko zombies
  4 giant newts
  3 giant spores
  11 goblins
  A hobgoblin skeleton (D:4)
  A kobold skeleton (D:4)
  3 orc zombies
  21 rats
  A ballistomycete (D:9)
  A butterfly (Lair:1)
  4 plants (D:8)
632 creatures vanquished.

Vanquished Creatures (collateral kills)
  2 hydras
  4 skeletal warriors (D:15)
  A large abomination (D:12)
  5 slime creatures (D:15)
  A small abomination (D:12)
  A starcursed mass (Abyss:1)
14 creatures vanquished.

Vanquished Creatures (others)
  2 two-headed ogres
  A troll (D:15)
  A killer bee (D:10)
  A hobgoblin (D:6)
5 creatures vanquished.

Grand Total: 651 creatures vanquished

Notes
Turn   | Place    | Note
--------------------------------------------------------------
     0 | D:1      | Egon, the Draconian Berserker, began the quest for the Orb.
     0 | D:1      | Reached XP level 1. HP: 19/19 MP: 1/1
   369 | D:1      | Reached XP level 2. HP: 26/26 MP: 2/2
   858 | D:2      | Reached XP level 3. HP: 22/33 MP: 3/3
  1155 | D:2      | Acquired Trog's second power
  1217 | D:2      | Reached skill level 4 in Fighting
  1354 | D:2      | Reached XP level 4. HP: 40/40 MP: 4/4
  2118 | D:3      | Reached XP level 5. HP: 35/47 MP: 5/5
  2395 | D:4      | Reached skill level 5 in Fighting
  2623 | D:4      | Reached XP level 6. HP: 56/56 MP: 6/6
  2634 | D:4      | Found a white marble altar of Elyvilon.
  3514 | D:5      | Entered Level 5 of the Dungeon
  3529 | D:5      | Reached skill level 5 in Axes
  3529 | D:5      | Your scales start taking on a lurid green colour.
  3529 | D:5      | Gained mutation: Your system is resistant to poisons. [draconian maturity]
  3529 | D:5      | Reached XP level 7. HP: 62/62 MP: 7/7
  3683 | D:2      | Acquired Trog's third power
  3683 | D:2      | Reached skill level 6 in Fighting
  4062 | D:5      | Noticed Prince Ribbit
  4147 | D:5      | Killed Prince Ribbit
  4147 | D:5      | Reached skill level 5 in Dodging
  4433 | D:5      | Reached XP level 8. HP: 71/71 MP: 8/8
  4549 | D:5      | Reached skill level 7 in Fighting
  4559 | D:5      | Noticed 4tharraofdagon's ghost (average VSGl)
  4575 | D:5      | Killed 4tharraofdagon's ghost
  4991 | D:6      | Noticed Pikel
  5031 | D:6      | Killed Pikel
  5031 | D:6      | Reached skill level 8 in Fighting
  5066 | D:6      | Found a burning altar of Makhleb.
  5076 | D:6      | Reached XP level 9. HP: 70/81 MP: 9/9
  5146 | D:6      | Found an ancient bone altar of Kikubaaqudgha.
  5559 | D:6      | Found a staircase to the Ecumenical Temple.
  5757 | Temple   | Entered the Ecumenical Temple
  6689 | D:8      | Found a white marble altar of Elyvilon.
  6946 | D:8      | Noticed Blork the orc
  6961 | D:8      | Killed Blork the orc
  6961 | D:8      | Reached skill level 9 in Fighting
  7837 | D:9      | Found a staircase to the Lair.
  8056 | D:9      | Found a bloodstained altar of Trog.
  8067 | D:9      | Reached XP level 10. HP: 93/93 MP: 10/10
  8169 | D:9      | Noticed MirrMurr's ghost (experienced FeBe)
  8177 | D:9      | Killed MirrMurr's ghost
  8177 | D:9      | Reached skill level 10 in Fighting
  8676 | Lair:1   | Entered Level 1 of the Lair of Beasts
  8902 | Lair:1   | Noticed zammy's ghost (powerful DjHu)
  8911 | Lair:1   | Killed zammy's ghost
  8966 | Lair:1   | Reached skill level 11 in Fighting
  8966 | Lair:1   | Reached skill level 10 in Axes
  9377 | Lair:1   | Reached XP level 11. HP: 102/102 MP: 11/11
  9552 | Lair:1   | Received a gift from Trog
  9636 | Lair:1   | Noticed Faustar's ghost (experienced TrBe)
  9652 | Lair:1   | Killed Faustar's ghost
 10203 | D:10     | Entered Level 10 of the Dungeon
 10236 | D:10     | Noticed Erica
 10268 | D:10     | Killed Erica
 10268 | D:10     | Reached skill level 10 in Dodging
 10284 | D:10     | Noticed a hill giant
 10298 | D:10     | Killed a hill giant
 10392 | D:10     | Noticed Erolcha
 10411 | D:10     | Killed Erolcha
 10591 | D:10     | Found a staircase to the Orcish Mines.
 10597 | D:10     | the staircase to the Orcish Mines was a mimic.
 10796 | D:10     | Noticed Psyche
 10809 | D:10     | Killed Psyche
 10809 | D:10     | Reached skill level 12 in Fighting
 10842 | D:10     | Found a burning altar of Makhleb.
 10959 | D:10     | Noticed a hill giant
 10963 | D:10     | Killed a hill giant
 11027 | D:10     | Received a gift from Trog
 11119 | D:10     | Identified a +2 rod of venom (14/14) (You found it on level 10 of the Dungeon)
 11522 | D:11     | Paralysed by a giant eyeball for 4 turns
 11528 | D:11     | Paralysed by a giant eyeball for 4 turns
 11670 | D:11     | Reached skill level 1 in Evocations
 11988 | D:11     | Noticed an eight-headed hydra
 11992 | D:11     | Killed an eight-headed hydra
 12066 | D:11     | Reached XP level 12. HP: 92/113 MP: 16/16
 12242 | D:11     | Found a staircase to the Orcish Mines.
 12425 | D:12     | Found Jyfykaym's Book Shoppe.
 12441 | D:12     | Noticed Maurice
 12447 | D:12     | Killed Maurice
 12549 | D:12     | Noticed Nergalle
 12581 | D:12     | Killed Nergalle
 12819 | D:12     | Received a gift from Trog
 13312 | D:12     | Reached skill level 13 in Fighting
 13508 | D:12     | Reached skill level 5 in Evocations
 13582 | D:13     | Noticed Bloax's ghost (powerful VSBe)
 13590 | D:13     | Killed Bloax's ghost
 13859 | D:13     | Noticed Fannar
 13860 | D:13     | Noticed Josephine
 13882 | D:13     | Killed Fannar
 13918 | D:13     | Killed Josephine
 14162 | D:13     | Received a gift from Trog
 14568 | D:14     | Found a flickering gateway to a bazaar.
 14598 | Bazaar   | Entered a bazaar
 14598 | Bazaar   | Found Straarhu's Antique Weapon Boutique.
 14598 | Bazaar   | Found Kaax's Book Shop.
 14598 | Bazaar   | Found Deoghada's Distillery.
 14598 | Bazaar   | Found Ofemeula's Antique Armour Boutique.
 14618 | Bazaar   | Bought a pair of dwarven gloves for 32 gold pieces
 14624 | Bazaar   | Bought a potion of heal wounds for 36 gold pieces
 14624 | Bazaar   | Bought a potion of curing for 24 gold pieces
 14624 | Bazaar   | Bought 2 potions of curing for 48 gold pieces
 14624 | Bazaar   | Bought 2 potions of heal wounds for 72 gold pieces
 14673 | D:13     | Reached XP level 13. HP: 78/122 MP: 22/22
 15337 | D:14     | Found a gate to the Vaults.
 15451 | D:14     | Found Unoimol's Antique Armour Shoppe.
 15707 | D:14     | Received a gift from Trog
 15972 | D:14     | Reached skill level 14 in Fighting
 16329 | D:15     | Entered Level 15 of the Dungeon
 16973 | D:15     | Received a gift from Trog
 17818 | D:15     | Gained mutation: Your tail ends in a poisonous barb. [draconian growth]
 17818 | D:15     | Reached XP level 14. HP: 112/133 MP: 26/26
 17827 | D:15     | Received a gift from Trog
 18565 | D:16     | Entered Level 16 of the Dungeon
 19725 | D:16     | Reached skill level 15 in Fighting
 19841 | D:16     | Reached skill level 10 in Evocations
 19854 | D:16     | Received a gift from Trog
 20171 | D:16     | Cast into the Abyss (wizard)
 20263 | Abyss:1  | Noticed a bone dragon
 20318 | Abyss:1  | HP: 4/135 [bone dragon (12)]
 20319 | Abyss:1  | Slain by a bone dragon

Action                   |  1- 3 |  4- 6 |  7- 9 | 10-12 | 13-15 || total
-------------------------+-------+-------+-------+-------+-------++-------
Melee: Hand axe          |   105 |   211 |   243 |       |       ||   559
       War axe           |       |       |    79 |   226 |       ||   305
       Broad axe         |       |       |       |   264 |   527 ||   791
       Scimitar          |       |       |       |       |    12 ||    12
Invok: Berserk           |       |     6 |     4 |    16 |    12 ||    38
       Brothers in Arms  |       |       |       |     2 |     5 ||     7
       Burn Spellbooks   |       |       |       |     1 |     1 ||     2
       Trog's Hand       |       |       |       |     1 |     1 ||     2
 Abil: Breathe Noxious F |       |       |    19 |    41 |    33 ||    93
Evoke: Wand              |       |       |     5 |    10 |    10 ||    25
       Rod               |       |       |       |     1 |       ||     1
  Use: Scroll            |       |     2 |    24 |    13 |     2 ||    41
       Potion            |       |       |       |       |     8 ||     8
 Stab: Confused          |       |       |    10 |    21 |    17 ||    48
       Sleeping          |       |       |       |     1 |       ||     1
       Distracted        |       |       |       |     1 |       ||     1
